 Dungeon Crawl Stone Soup version 0.29.0-4-gdea44cf6ec (webtiles) character file.

Game seed: 628724171697190487

44 qw the Chopper (level 3, 0/21 HPs)
             Began as a Tengu Warper on Aug 28, 2022.
             Slain by Robin
             ... wielding a +0 whip
              (4 damage)
             ... on level 2 of the Dungeon.
             The game lasted 00:00:09 (1526 turns).

qw the Chopper (Tengu Warper)                       Turns: 1526, Time: 00:00:09

Health: 0/21       AC:  8    Str: 13    XL:     3   Next: 62%
Magic:  7/7        EV:  6    Int: 13    God:
Gold:   34         SH:  0    Dex: 13    Spells: 6/6 levels left

rFire   . . .      SeeInvis .   Y - +0 hand axe
rCold   . . .      Faith    .   (no shield)
rNeg    . . .      Spirit   .   g - +0 chain mail
rPois   .          Reflect  .   (helmet restricted)
rElec   .          Harm     .   (no cloak)
rCorr   .          Rampage  .   (no gloves)
Will    .....                   (boots unavailable)
Stlth   ..........              (no amulet)
HPRegen 0.07/turn               (no ring)
MPRegen 0.10/turn               (no ring)

@: no status effects
A: beak, talons 3
a: no special abilities


You were on level 2 of the Dungeon.
You visited 1 branch of the dungeon, and saw 2 of its levels.

You collected 34 gold pieces.


Innate Abilities, Weirdness & Mutations

You have a beak for a mouth.
You have claws for feet.


   Skills:
 - Level 2.0 Fighting
 + Level 4.3 Axes
 - Level 1.0 Throwing
 - Level 1.1 Armour
 - Level 2.1 Dodging
 - Level 2.0 Spellcasting
 - Level 2.4 Translocations


You had 6 spell levels left.
You didn't know any spells.
Your spell library contained the following spells:

 Spells                   Type           Power      Damage    Failure   Level
 Blink                    Tloc           14%        N/A       99%         2
 Gell's Gravitas          Tloc           7%         N/A       100%        3
 Lesser Beckoning         Tloc           7%         N/A       100%        3
 Teleport Other           Tloc           7%         N/A       100%        3
 Manifold Assault         Tloc           7%         N/A       100%        5

Inventory:

Hand Weapons
 f - a +0 whip
 Y - a +0 hand axe (weapon)
Armour
 g - a +0 chain mail (worn)
Potions
 h - a potion of magic {unknown}

Dungeon Overview and Level Annotations

Branches:
Dungeon (2/15)

Altars:

Annotations:
D:2 Robin


Message History

The goblin is moderately wounded.
You hit the goblin. You barely miss the goblin.
The goblin hits you with a +0 club. The goblin barely misses you.
You hit the goblin.
The goblin is heavily wounded.
You closely miss the goblin. You hit the goblin.
You kill the goblin!
The goblin hits you with a +0 dagger. The goblin barely misses you.
You hit the goblin.
You kill the goblin!
You closely miss the goblin. You hit Robin but do no damage.
Robin roars a battlecry!
The goblins go into a battle-frenzy!
The goblin hits you but does no damage.
You hear a shout! x2
You hit Robin but do no damage. You peck Robin, but do no damage.
You hit the goblin. x2
You hear a shout!
Robin throws the goblin at you!
The goblin hits you but does no damage. x2
A goblin comes into view. It is wielding a +0 dagger.
The goblin hits you but does no damage. Robin barely misses you.
The goblin hits you but does no damage. The goblin barely misses you.
You hit the goblin.
You kill the goblin!
You hit the goblin.
You kill the goblin!
You closely miss the goblin. You barely miss Robin.
The goblin hits you but does no damage.
You hit Robin.
Robin is moderately wounded.
You hit the goblin. You barely miss the goblin.
The goblin hits you but does no damage. The goblin barely misses you.
A goblin comes into view. It is wielding a +0 dagger.
You hit the goblin.
You kill the goblin!
You closely miss Robin. You hit the goblin. You miss the goblin.
The goblin hits you but does no damage.
A hobgoblin comes into view.
The goblin barely misses you. Robin hits you with a +0 whip.
You die...

### #.. #.. #.#
#.# # #(# #.#
#.# ....###)#
#....g@#
##...gg#
.............gg
####.#......gg.
...........g.
..P(P....?.....
P.7....<...g.<.
...77..........
P_ ......#....


You could see Robin, a hobgoblin (strong) and 2 goblins.

Vanquished Creatures
  An endoplasm (D:1)
  3 giant cockroaches (D:1)
  13 goblins
  4 jackals (D:1)
  2 quokkas (D:1)
  A ball python (D:1)
  4 bats (D:1)
  6 frilled lizards
  2 kobolds (D:1)
  4 rats (D:1)
40 creatures vanquished.

Notes
Turn   | Place    | Note
-------+----------+-------------------------------------------
     0 | D:1      | qw the Tengu Warper began the quest for the Orb.
     0 | D:1      | Reached XP level 1. HP: 12/12 MP: 4/4
     0 | D:1      | 0 ||| qw: Version: 0.1-a-89-g26bdef1
     0 | D:1      | 0 ||| qw: Game counter: 955
     0 | D:1      | 0 ||| qw: Always use a shield: true
     0 | D:1      | 0 ||| qw: God list: Okawaru
     0 | D:1      | 0 ||| qw: Allow faded altars: false
     0 | D:1      | 0 ||| qw: Do Orc after D:15 true
     0 | D:1      | 0 ||| qw: Do second Lair branch before Depths: true
     0 | D:1      | 0 ||| qw: Lair rune preference: random
     0 | D:1      | 0 ||| qw: Plans: Normal
     0 | D:1      | 0 ||| PLANNING D:1-11
   152 | D:1      | Reached XP level 2. HP: 13/17 MP: 6/6
   234 | D:1      | Reached skill level 3 in Axes
   341 | D:1      | 341 ||| Stepping ~*~*~tactically~*~*~ (stealth).
   342 | D:1      | 342 ||| Stepping ~*~*~tactically~*~*~ (stealth).
   588 | D:1      | 588 ||| Stepping ~*~*~tactically~*~*~ (stealth).
   773 | D:1      | 773 ||| Stepping ~*~*~tactically~*~*~ (stealth).
   774 | D:1      | 774 ||| Stepping ~*~*~tactically~*~*~ (stealth).
   782 | D:1      | 782 ||| Stepping ~*~*~tactically~*~*~ (stealth).
   823 | D:1      | 823 ||| Stepping ~*~*~tactically~*~*~ (stealth).
   824 | D:1      | 824 ||| Stepping ~*~*~tactically~*~*~ (stealth).
   825 | D:1      | 825 ||| Stepping ~*~*~tactically~*~*~ (stealth).
   828 | D:1      | 828 ||| Stepping ~*~*~tactically~*~*~ (stealth).
   832 | D:1      | 832 ||| Stepping ~*~*~tactically~*~*~ (stealth).
   833 | D:1      | 833 ||| Stepping ~*~*~tactically~*~*~ (stealth).
   835 | D:1      | 835 ||| Stepping ~*~*~tactically~*~*~ (stealth).
   836 | D:1      | 836 ||| Stepping ~*~*~tactically~*~*~ (stealth).
   839 | D:1      | 839 ||| Stepping ~*~*~tactically~*~*~ (stealth).
   840 | D:1      | 840 ||| Stepping ~*~*~tactically~*~*~ (stealth).
   841 | D:1      | 841 ||| Stepping ~*~*~tactically~*~*~ (stealth).
   842 | D:1      | 842 ||| Stepping ~*~*~tactically~*~*~ (stealth).
   846 | D:1      | Reached XP level 3. HP: 21/21 MP: 7/7
   863 | D:1      | 863 ||| Stepping ~*~*~tactically~*~*~ (stealth).
  1129 | D:1      | Reached skill level 4 in Axes
  1473 | D:1      | 1473 ||| UPGRADING to +0 ring mail.
  1483 | D:1      | 1483 ||| DROPPING +0 leather armour.
  1484 | D:1      | 1484 ||| UPGRADING to +0 chain mail.
  1494 | D:1      | 1494 ||| DROPPING +0 ring mail.
  1495 | D:1      | 1495 ||| READING scroll labelled INOMUOSIMA.
  1496 | D:1      | 1496 ||| READING scroll labelled CYIPUA ANILIREKK.
  1497 | D:1      | 1497 ||| DROPPING scroll of blinking.
  1508 | D:2      | Noticed Robin
  1508 | D:2      | Found a faded altar of an unknown god.
  1509 | D:2      | 1509 ||| Stepping ~*~*~tactically~*~*~ (hiding).
  1510 | D:2      | 1510 ||| Stepping ~*~*~tactically~*~*~ (hiding).
  1511 | D:2      | 1511 ||| Stepping ~*~*~tactically~*~*~ (hiding).
  1521 | D:2      | HP: 4/21 [goblin/+0 dagger[Robin] (2)]
  1526 | D:2      | Slain by Robin

Levels and vault maps discovered:
D:1:      psy_arrival_terrarium, layout_basic
D:2:      layout_rooms, dreamdust_ecumenical_altar_grove, uniq_robin

Skill      XL: |  1  2  3 |
---------------+----------+-----
Axes           | 3 4 |  4.3
Fighting       | |  2.0
Throwing       | |  1.0
Armour         | |  1.1
Dodging        | |  2.1
Spellcasting   | |  2.0
Translocations | |  2.4

Action                   || total
-------------------------++-------
Melee: Hand axe          ||    87
       Peck              ||    14
       Kick              ||    11
Throw: Boomerang         ||     7
  Use: Scroll            ||     2
Armor: Leather armour    ||    14
       Chain mail        ||    15
Dodge: Dodged            ||    44

Table legend:
 A = Non-vault XP
 B = Vault XP
 C = Vault XP percentage of total XP
 D = Non-vault monster count
 E = Vault monster count
 F = Vault count percentage of total count
                 A         B        C        D         E       F
            +---------+---------+-------+---------+---------+-------
      Total |      50 |      16 |  24.2 |      32 |       8 |  20.0
            +---------+---------+-------+---------+---------+-------
        D:1 |      49 |       0 |   0.0 |      31 |       0 |   0.0
        D:2 |       1 |      16 |  94.1 |       1 |       8 |  88.9
            +---------+---------+-------+---------+---------+-------
